 Dungeon Crawl Stone Soup version 0.24-a0-378-g94936e539c (webtiles) character file.

Game seed: 1859615928171863982

3179 HAL9000 the Slicer (level 9, 0/42 HPs)
             Began as a Vine Stalker Assassin on June 2, 2019.
             Was a Priest of Uskayaw.
             Shot with an arrow by a centaur (6 damage)
             ... on level 8 of the Dungeon.
             The game lasted 00:19:42 (7833 turns).

HAL9000 the Slicer (Vine Stalker Assassin)          Turns: 7833, Time: 00:19:44

Health: 0/42       AC:  9    Str: 15    XL:     9   Next: 95%
Magic:  0/10       EV: 11    Int: 12    God:    Uskayaw [***...]
Gold:   399        SH:  0    Dex: 17    Spells: 5/8 levels left

rFire    . . .     SeeInvis +   y - +0 dagger (elec)
rCold    + . .     Gourm    .   (no shield)
rNeg     . . .     Faith    .   F - +3 leather armour {rC+}
rPois    .         Spirit   +   g - +0 helmet
rElec    .         Reflect  .   x - +0 cloak
rCorr    .         Harm     .   r - +0 pair of gloves
MR       +....                  (no boots)
Stlth    +++.......             E - amulet of rage
HPRegen  0.54/turn              u - ring of see invisible
MPRegen  0.12/turn              (no ring)

@: lethally poisoned (0 -> -1)
A: fangs 3, regeneration 1, magic shield, antimagic bite, no potion heal 3, rot
immunity
a: Stomp, Line Pass, Renounce Religion, Evoke Berserk Rage


You were on level 8 of the Dungeon.
You worshipped Uskayaw.
Uskayaw was noncommittal.
You were not hungry.

You visited 2 branches of the dungeon, and saw 9 of its levels.

You collected 399 gold pieces.

Inventory:

Hand Weapons
 a - a +2 dagger
 y - a +0 dagger of electrocution (weapon)
Missiles
 d - 27 poisoned darts
 e - 2 curare-tipped darts (quivered)
 s - 8 boomerangs
Armour
 g - a +0 helmet (worn)
 r - a +0 pair of gloves (worn)
 x - a +0 cloak (worn)
 B - +0 fire dragon scales
 F - a +3 leather armour of cold resistance (worn)
Jewellery
 u - a ring of see invisible (left hand)
 E - an amulet of rage (around neck)
Wands
 c - a wand of paralysis (9)
 C - a wand of acid (5)
Scrolls
 b - a scroll of enchant weapon {unknown}
 i - a scroll of fog
 j - 4 scrolls of teleportation
 l - 2 scrolls of remove curse
 t - a scroll of magic mapping {unknown}
 w - 2 scrolls of fear {unknown}
 z - a scroll of vulnerability {unknown}
 A - a scroll of random uselessness {unknown}
Potions
 h - a potion of might {unknown}
 k - 4 potions of curing
 m - 5 potions of mutation
 n - a potion of lignification
 o - a potion of degeneration {unknown}
 q - 3 potions of magic
 v - 2 potions of ambrosia
 D - a potion of berserk rage {unknown}
Comestibles
 f - 9 rations
 p - a chunk of flesh


   Skills:
 - Level 1.7 Fighting
 - Level 10.0 Short Blades
 - Level 1.7 Throwing
 - Level 0.7 Dodging
 - Level 4.8 Stealth
 + Level 8.4 Hexes


You had 5 spell levels left.
You knew the following spells:

 Your Spells              Type           Power        Failure   Level  Hunger
a - Confuse               Hex            ###.....     4%          3    ####...

Your spell library contained the following spells:

 Spells                   Type           Power        Failure   Level  Hunger
 Confusing Touch          Hex            ###...       1%          1    ##.....
 Animate Skeleton         Necr           N/A          38%         1    ##.....
 Apportation              Tloc           #.....       38%         1    ##.....
 Summon Small Mammal      Summ           #...         38%         1    ##.....
 Gell's Gravitas          Tloc           #.........   77%         3    ####...
 Metabolic Englaciation   Hex/Ice        ##........   90%         5    ######.
 Yara's Violent Unravell  Hex/Tmut       ##........   90%         5    ######.
 Petrify                  Tmut/Erth      #.......     99%         4    #####..


Dungeon Overview and Level Annotations

Branches:
Dungeon (8/15)             Temple (1/1) D:5
   Lair: D:8-11

Altars:
Ashenzari
Cheibriados
Dithmenos
Elyvilon
Fedhas
Gozag
Hepliaklqana
Kikubaaqudgha
Makhleb
Nemelex Xobeh
Okawaru
Qazlal
Ru
Sif Muna
Trog
Uskayaw
Vehumet
Wu Jian
Xom
Yredelemnul
Zin
The Shining One

Shops:
D:6 (

Annotations:
D:7 1 transporter


Innate Abilities, Weirdness & Mutations

You have razor-sharp teeth.
Your natural rate of healing is unusually fast.
When hurt, damage is shared between your health and your magic reserves.
Your bite disrupts and absorbs the magic of your enemies.
Potions cannot restore your health.
You are immune to rotting.


Message History

Your bite misses the killer bee.
The killer bee is heavily wounded.
The killer bee stings you!
You miss the killer bee.
The killer bee is heavily wounded.
The killer bee stings you.
You are poisoned.
The killer bee poisons you!
Unknown command.
You hit the killer bee.
Lightning courses through the killer bee!
You kill the killer bee!
You feel sick.
A centaur comes into view.
The centaur shouts!
You hear an angry buzzing noise.
The centaur wields a +0 shortbow.
The centaur shoots an arrow.
The arrow hits you!
* * * LOW HITPOINT WARNING * * *
The centaur shoots an arrow.
The arrow hits you!
You die...

####.. ##.# ###.##
...... ... ....#
......##.. #...#
....c.... #...#
........# #...#
......))#######...#
......#.)..##.....#
..#.#
####.#..##..### ..
#.@.###....# .
..######..##....#
...y...†........#
..............>.#
................#
................#
#...............#
................#
#...............#


You could see a centaur.

Vanquished Creatures
  Sigmund (D:5)
  Eustachio (D:6)
  Edmund (D:5)
  A black bear (D:7)
  An ice beast (D:6)
  An orc warrior (D:6)
  3 ogres
  2 eyes of draining (D:7)
  3 centaurs
  A crocodile (D:6)
  3 bullfrogs
  Blork the orc (D:6)
  2 scorpions
  A water moccasin skeleton (D:7)
  A wyvern skeleton (D:7)
  4 killer bees (D:8)
  4 wights
  3 crimson imps
  A quasit (D:7)
  5 orc priests
  A hound (D:7)
  A jelly (D:7)
  Crazy Yiuf (D:7)
  A gnoll shaman (D:7)
  6 orc wizards
  A worker ant (D:5)
  A hound zombie (D:5)
  Robin (D:2)
  17 adders
  3 gnolls (D:5)
  3 shadow imps
  2 oozes
  3 adder skeletons
  3 worms
  3 dart slugs
  3 leopard geckos
  37 orcs
  7 bats
  5 giant cockroaches
  11 goblins
  7 hobgoblins
  12 jackals
  8 kobolds
  5 quokkas
  3 ball pythons
  A frilled lizard (D:1)
  A leopard gecko zombie (D:7)
  5 rats
192 creatures vanquished.

Notes
Turn   | Place    | Note
-------+----------+-------------------------------------------
     0 | D:1      | HAL9000 the Vine Stalker Assassin began the quest for the
                  | Orb.
     0 | D:1      | Reached XP level 1. HP: 11/11 MP: 2/2
    35 | D:1      | Reached skill level 2 in Short Blades
    99 | D:1      | Reached XP level 2. HP: 5/15 MP: 1/3
   501 | D:1      | Reached skill level 3 in Short Blades
   502 | D:1      | Reached XP level 3. HP: 12/18 MP: 4/4
  1223 | D:2      | Noticed Robin
  1344 | D:2      | Killed Robin
  1646 | D:2      | Gained mutation: Your natural rate of healing is unusually
                  | fast. [Vine Stalker growth]
  1646 | D:2      | Reached XP level 4. HP: 23/23 MP: 5/5
  1828 | D:2      | Found a white marble altar of Elyvilon.
  1831 | D:2      | Found an opulent altar of Gozag.
  1834 | D:2      | Found a blossoming altar of Fedhas.
  1837 | D:2      | Found an ornate altar of the Wu Jian Council.
  2008 | D:2      | Reached skill level 4 in Short Blades
  2599 | D:3      | Found a glowing golden altar of the Shining One.
  2678 | D:3      | Reached XP level 5. HP: 26/26 MP: 6/6
  3162 | D:4      | Reached skill level 5 in Short Blades
  3177 | D:4      | HP: 1/26 [something (1)]
  3249 | D:4      | Found a deep blue altar of Sif Muna.
  3532 | D:4      | Reached XP level 6. HP: 28/30 MP: 7/7
  4121 | D:5      | Entered Level 5 of the Dungeon
  4133 | D:5      | Reached skill level 6 in Short Blades
  4185 | D:5      | Learned a level 3 spell: Confuse
  4357 | D:5      | Found a staircase to the Ecumenical Temple.
  4445 | Temple   | Entered the Ecumenical Temple
  4595 | Temple   | Became a worshipper of Uskayaw the Reveler
  4652 | D:5      | Reached XP level 7. HP: 34/34 MP: 8/8
  4656 | D:5      | Reached * piety under Uskayaw
  4666 | D:5      | Reached ** piety under Uskayaw
  4741 | D:5      | Reached *** piety under Uskayaw
  4800 | D:5      | Reached skill level 7 in Short Blades
  5123 | D:5      | Noticed Edmund
  5145 | D:5      | Killed Edmund
  5145 | D:5      | Reached skill level 8 in Short Blades
  5201 | D:5      | Noticed Sigmund
  5203 | D:5      | Killed Sigmund
  5203 | D:5      | Gained mutation: You have razor-sharp teeth. [Vine Stalker
                  | growth]
  5203 | D:5      | Reached XP level 8. HP: 38/38 MP: 9/9
  5434 | D:6      | Noticed Eustachio
  5435 | D:6      | Found Uroogup's Weapon Shop.
  5581 | D:6      | Reached skill level 9 in Short Blades
  5641 | D:6      | Killed Eustachio
  5908 | D:6      | Reached skill level 10 in Short Blades
  5923 | D:6      | Noticed Blork the orc
  5930 | D:6      | Killed Blork the orc
  5930 | D:6      | Reached skill level 1 in Hexes
  6079 | D:6      | Reached XP level 9. HP: 42/42 MP: 10/10
  6786 | D:7      | Found a transporter.
  6927 | D:7      | Reached skill level 5 in Hexes
  6931 | D:7      | Reached **** piety under Uskayaw
  6940 | D:7      | Reached ***** piety under Uskayaw
  7013 | D:7      | Found a transporter.
  7410 | D:7      | Found a runed translucent door.
  7411 | D:7      | Noticed Crazy Yiuf
  7419 | D:7      | Killed Crazy Yiuf
  7536 | D:7      | Found a bloodstained altar of Trog.
  7833 | D:8      | Shot with an arrow by a centaur

Levels and vault maps discovered:
D:1:      evilmike_arrival_home_sweet_home, layout_rooms, serial_forest,
          infiniplex_forest_clump_curved, infiniplex_forest_split,
          infiniplex_forest_straight_4, infiniplex_forest_corner_2
D:2:      layout_basic, grunt_temple_overflow_cloverleaf, first_ration,
          minmay_domino_2, uniq_robin
D:3:      layout_loops_corners, hangedman_abyss_or_decor_lesser_grid,
          tso_metal_star
D:4:      layout_loops_cross, old_standard_altar
D:5:      layout_basic, minmay_temple_entry_arrows, sigmund_edmund_badplayer
D:6:      layout_basic, serial_shops, nicolae_shop_trees, uniq_sigmund,
          uniq_blork_the_orc, uniq_eustachio
D:7:      gammafunk_the_bubble [the_bubble_gammafunk_plus_minus], layout_rooms,
          trog_eyes_of_draining, uniq_crazy_yiuf_cottage
D:8:      layout_rooms, basic_altar, david_nohive_1
Temple:   regret_index_temple_sphere_string

Skill      XL: |  1  2  3  4  5  6  7  8  9 |
---------------+----------------------------+-----
Short Blades   | 2 3 4 5 6 8 10 | 10.0
Hexes          | 3 8 |  8.4
Fighting       | |  1.7
Throwing       | |  1.7
Dodging        | |  0.7
Stealth        | |  4.8

Action                   |  1- 3 |  4- 6 |  7- 9 || total
-------------------------+-------+-------+-------++-------
Melee: Dagger            |    94 |   324 |   331 ||   749
       Bite              |    33 |    85 |    98 ||   216
Throw: Dart              |     2 |     2 |    18 ||    22
 Cast: Confuse           |       |       |     5 ||     5
  Use: Scroll            |       |     6 |     5 ||    11
       Potion            |       |     1 |     1 ||     2
 Stab: Sleeping          |     1 |    10 |    10 ||    21
       Paralysed         |       |       |     7 ||     7
       Confused          |       |       |     1 ||     1
  Eat: Chunk             |     2 |     9 |    12 ||    23
Armor: Leather armour    |    15 |    83 |    51 ||   149
       Skin              |       |     6 |       ||     6
       Fire dragon scale |       |       |    13 ||    13
Dodge: Dodged            |    56 |   110 |   109 ||   275

Table legend:
 A = Non-vault XP
 B = Vault XP
 C = Vault XP percentage of total XP
 D = Non-vault monster count
 E = Vault monster count
 F = Vault count percentage of total count
                 A         B        C        D         E       F
            +---------+---------+-------+---------+---------+-------
      Total |    2941 |    1601 |  35.2 |     157 |      35 |  18.2
            +---------+---------+-------+---------+---------+-------
        D:1 |      39 |       0 |   0.0 |      18 |       0 |   0.0
        D:2 |      30 |      36 |  54.5 |      12 |      13 |  52.0
        D:3 |      79 |       0 |   0.0 |      19 |       0 |   0.0
        D:4 |     233 |       0 |   0.0 |      24 |       0 |   0.0
        D:5 |     553 |     398 |  41.9 |      30 |       2 |   6.2
        D:6 |    1001 |     273 |  21.4 |      27 |       2 |   6.9
        D:7 |     828 |     652 |  44.1 |      22 |      14 |  38.9
        D:8 |     178 |     242 |  57.6 |       5 |       4 |  44.4
            +---------+---------+-------+---------+---------+-------
